 Dungeon Crawl Stone Soup version 0.18.1-48-g4cf74bf (webtiles) character file.

74 tallian the Shield-Bearer (level 4, -2/29 HPs)
             Began as a Gargoyle Fighter on Aug 3, 2016.
             Slain by a gnoll
             ... wielding a +0 halberd
              (9 damage)
             ... on level 3 of the Dungeon.
             The game lasted 00:09:50 (1538 turns).

tallian the Shield-Bearer (Gargoyle Fighter)        Turns: 1538, Time: 00:09:51

Health: -2/29      AC: 11    Str: 17 (19) XL:     4   Next: 28%
Magic:  4/4        EV:  7    Int:  9      God:
Gold:   140        SH:  8    Dex:  7 (10) Spells: 0 memorised, 3 levels left

rFire  . . .     SeeInvis .     a - +1 long sword
rCold  + . .     Gourm    .     n - +1 scale mail
rNeg   + . .     Faith    .     c - +0 shield
rPois  ∞         Spirit   .     (no helmet)
rElec  +         Dismiss  .     (no cloak)
rCorr  .         Reflect  .     (no gloves)
SustAt .         Harm     .     (no boots)
MR     .....                    (no amulet)
Stlth  ..........               (no ring)
                                h - ring of protection from cold

@: not resistant to hostile enchantments, extremely unstealthy
A: negative energy resistance 1, electricity resistance, unbreathing,
petrification resistance, rot immunity, AC +3
a: no special abilities


You were on level 3 of the Dungeon.
You were not hungry.

You visited 1 branch of the dungeon, and saw 3 of its levels.

You collected 140 gold pieces.

Inventory:

Hand Weapons
 a - a +1 long sword (weapon)
 b - a +0 hunting sling of velocity
Armour
 c - a +0 shield (worn)
 n - a +1 scale mail (worn)
Jewellery
 g - an uncursed ring of poison resistance {unknown}
 h - a ring of protection from cold (left hand)
Wands
 d - a wand of random effects (21/48)
Scrolls
 e - 2 scrolls of recharging
Potions
 k - a potion of flight
Comestibles
 f - 5 bread rations
 i - 3 meat rations
 j - a chunk of flesh


   Skills:
 + Level 3.8 Fighting
 + Level 2.2 Long Blades
 + Level 3.8 Armour
 + Level 1.0 Dodging
 + Level 3.8 Shields


You had 3 spell levels left.
You didn't know any spells.

Dungeon Overview and Level Annotations

Branches:
Dungeon (3/15)

Altars:
Dithmenos
Sif Muna


Innate Abilities, Weirdness & Mutations

You are resistant to torment.
Your stone body is resilient (AC +3).
You are immune to poison.
You resist negative energy.
You are resistant to electric shocks.
You can survive without breathing.
You are immune to petrification.
You are immune to rotting.


Message History

You block the gnoll's attack.
You slash the hobgoblin!
You kill the hobgoblin!
You feel your intelligence returning.
The gnoll hits you from afar with a halberd!
You barely miss the hobgoblin. You block the gnoll's attack.
The hobgoblin hits you.
The hobgoblin hits you but does no damage.
The gnoll hits you from afar with a halberd!
* * * LOW HITPOINT WARNING * * *
You are too injured to fight recklessly!
You are too injured to fight recklessly!
You are too injured to fight recklessly!
You are too injured to fight recklessly!
You hit the hobgoblin but do no damage. You block the hobgoblin's attack.
You block the gnoll's attack.
You slash the hobgoblin!
You kill the hobgoblin!
The gnoll hits you from afar with a halberd!
You die...

### ### #.# #..
#.# #.} #.# #g.
#.# #.##g##.#
#...†@..# #######
#####.###
......###### #.# .
.........# #.#
####..####.#####.#
...#..#..........#
##......##.#######
####..####.#
.÷....####.#


You could see 2 gnolls.

Vanquished Creatures
  Robin (D:2)
  A worm (D:2)
  A dart slug (D:1)
  A giant gecko (D:2)
  4 giant cockroaches
  16 goblins
  9 hobgoblins
  5 kobolds
  A quokka (D:2)
  4 bats
  2 giant newts
  7 rats
52 creatures vanquished.

Notes
Turn   | Place    | Note
--------------------------------------------------------------
     0 | D:1      | tallian the Gargoyle Fighter began the quest for the Orb.
     0 | D:1      | Reached XP level 1. HP: 14/14 MP: 1/1
     0 | D:1      | Noticed a felid
     8 | D:1      | Noticed an octopode
    12 | D:1      | Noticed a minotaur skeleton
    14 | D:1      | Noticed a minotaur skeleton
    16 | D:1      | Noticed a merfolk zombie
    16 | D:1      | Noticed a human
    21 | D:1      | Noticed an ogre
    75 | D:1      | Reached XP level 2. HP: 15/19 MP: 2/2
   688 | D:2      | Reached XP level 3. HP: 23/23 MP: 3/3
   820 | D:2      | Found a shadowy altar of Dithmenos.
  1026 | D:2      | Noticed Robin
  1062 | D:2      | Killed Robin
  1062 | D:2      | Reached skill level 1 in Dodging
  1062 | D:2      | Reached XP level 4. HP: 29/29 MP: 4/4
  1201 | D:2      | Found a deep blue altar of Sif Muna.
  1538 | D:3      | Slain by a gnoll

Skill      XL: |  1  2  3 |
---------------+----------+-----
Long Blades    | 2 |  2.2
Dodging        | 1 |  1.0
Fighting       | |  3.8
Armour         | |  3.8
Shields        | |  3.8

Action                   |  1- 3 |  4- 6 || total
-------------------------+-------+-------++-------
Melee: Long sword        |   131 |    23 ||   154
  Use: Scroll            |     8 |       ||     8
       Potion            |     4 |     1 ||     5
  Eat: Chunk             |     1 |     1 ||     2
Armor: Scale mail        |    81 |     7 ||    88
       Skin              |    14 |     4 ||    18
Dodge: Dodged            |    48 |     5 ||    53
Block: Shield            |    96 |    15 ||   111
